 Dungeon Crawl Stone Soup version 0.28.0-43-g3370ac3207 (webtiles) character file.

Game seed: 17969267591098296129

3 zeratav the Insei (level 1, 0/13 HPs)
             Began as an Octopode Transmuter on Apr 1, 2022.
             Frozen to death by an endoplasm (5 damage)
             ... on level 1 of the Dungeon.
             The game lasted 00:00:51 (130 turns).

zeratav the Insei (Octopode Transmuter)              Turns: 130, Time: 00:00:52

Health: 0/13       AC:  5    Str:  9    XL:     1   Next: 50%
Magic:  1/3        EV: 13    Int: 15    God:
Gold:   16         SH:  0    Dex: 12    Spells: 3/4 levels left

rFire   . . .      SeeInvis .     - Unarmed
rCold   . . .      Faith    .   (no shield)
rNeg    . . .      Spirit   .   (helmet currently unavailable)
rPois   .          Reflect  .   (no amulet)
rElec   .          Harm     .   b - +4 ring of protection
rCorr   .          Rampage  .   (no ring)
Will    .....                   (no ring)
Stlth   ++........              (no ring)
HPRegen 0.04/turn               (no ring)
MPRegen 0.08/turn               (no ring)
                                (no ring)
                                (no ring)

@: appendages (expiring), very slightly contaminated
A: tentacle spike 3, almost no armour, amphibious, 8 rings, camouflage 1,
gelatinous body 1, (nimble swimmer 1), tentacles
a: End Transformation


You were on level 1 of the Dungeon.
One of your tentacles had grown a beastly spike.
You visited 1 branch of the dungeon, and saw 1 of its levels.

You collected 16 gold pieces.

Inventory:

Jewellery
 b - a +4 ring of protection (left tentacle)
Potions
 a - a potion of degeneration {unknown}


   Skills:
 + Level 1.0 Fighting
 + Level 2.0 Dodging
 + Level 3.2 Unarmed Combat
 + Level 2.0 Spellcasting
 + Level 2.0 Transmutations
 * Level 0.1 Poison Magic


You had 3 spell levels left.
You knew the following spells:

 Your Spells              Type           Power      Damage    Failure   Level
a - Beastly Appendage     Tmut           14%        N/A       10%         1

Your spell library contained the following spells:

 Spells                   Type           Power      Damage    Failure   Level
 Wereblood                Tmut           7%         N/A       14%         2
 Spider Form              Tmut/Pois      4%         N/A       41%         3
 Ice Form                 Ice/Tmut       4%         N/A       82%         4


Dungeon Overview and Level Annotations

Branches:
Dungeon (1/15)

Altars:


Innate Abilities, Weirdness & Mutations

One of your tentacles has grown a beastly spike.
You cannot wear most types of armour.
You are amphibious.
You can wear up to eight rings at the same time.
Your skin changes colour to match your surroundings (Stealth+).
Your rubbery body absorbs attacks. (AC +1, EV +1)
((You are camouflaged when in or above water. (Stealth+)))
You have tentacles for arms and can constrict up to eight enemies at once.


Message History

There is an open door here.
You open the door.
There is an open door here.
A hobgoblin comes into view. 2 endoplasms come into view.
The hobgoblin shouts!
You hear a shout!
You hear a bark!
The endoplasm moves out of view.
Casting: Beastly Appendage (safe; 10% risk of failure)
Confirm with . or Enter, or press ? or * to list all spells.
You miscast Beastly Appendage.
You are very lightly contaminated with residual magic.
Nothing appears to happen.
Casting: Beastly Appendage (safe; 10% risk of failure)
Confirm with . or Enter, or press ? or * to list all spells.
One of your tentacles grows a vicious spike.
The endoplasm quivers.
A bat comes into view.
The hobgoblin hits you.
The bat moves out of view.
You barely miss the hobgoblin. You grab the hobgoblin.
You pierce the hobgoblin, but do no damage.
You constrict the hobgoblin, but do no damage.
The hobgoblin hits you.
You tentacle-slap the hobgoblin.
You pierce the hobgoblin, but do no damage.
You squeeze the hobgoblin.
You kill the hobgoblin!
A hobgoblin comes into view.
Your transformation is almost over.
A jackal comes into view.
The jackal moves out of view.
The endoplasm closely misses you.
The hobgoblin throws a stone.
The stone hits you.
You tentacle-slap the endoplasm but do no damage.
The endoplasm hits you but does no damage.
You tentacle-slap the endoplasm.
The endoplasm is severely wounded.
The bat hits you but does no damage. The endoplasm freezes you.
You are frozen.
You die...

# #####.#.#.#.... ..
##.'.'.#.#.+..<. #.
#..###.#.#.#.... ##.#
#.## #.#.#.#.... ###...#
##.##.#.#.#.###'#
.......##.....#.##.#.....
#.......#..##.#.#.#######
...........##.#..........
........@J....#########'#
........b^...... #.#
#.........##....# #'#
##...g###.....#.# #.#
##... #.###.# # #.. ##+.
..# .. ### . .. # . .. #


You could see an endoplasm, a hobgoblin and a bat.

Vanquished Creatures
  An endoplasm (D:1)
  A hobgoblin (D:1)
  A kobold (D:1)
3 creatures vanquished.

Notes
Turn   | Place    | Note
-------+----------+-------------------------------------------
     0 | D:1      | zeratav the Octopode Transmuter began the quest for the
                  | Orb.
     0 | D:1      | Reached XP level 1. HP: 13/13 MP: 3/3
   130 | D:1      | Frozen to death by an endoplasm

Illustrated notes

Levels and vault maps discovered:
D:1:      matt_arrival_los_fun, layout_loops_corners, minmay_heptomino_o4

Action                   || total
-------------------------++-------
Melee: Unarmed           ||     8
       Kick              ||     3
       Constrict         ||     2
       Tentacles         ||     1
 Cast: Beastly Appendage ||     3
 Stab: Sleeping          ||     1
Armor: Skin              ||     2
Dodge: Dodged            ||     2
